 Dungeon Crawl Stone Soup version 0.26.1-11-gd32895ea62 (webtiles) character file.

Game seed: 13907252755461148979

144 Descartes the Shield-Bearer (level 5, 0/41 HPs)
             Began as a Barachi Fighter on June 21, 2021.
             Succumbed to a goblin's poison
             ... on level 3 of the Dungeon.
             The game lasted 00:03:37 (2046 turns).

Descartes the Shield-Bearer (Barachi Fighter)       Turns: 2046, Time: 00:03:38

Health: 0/41       AC: 14    Str: 17    XL:     5   Next: 27%
Magic:  5/5        EV:  3    Int:  9    God:
Gold:   90         SH: 10    Dex: 12    Spells: 4/4 levels left

rFire    . . .     SeeInvis +   a - +0 long sword
rCold    + . .     Faith    .   s - +0 kite shield
rNeg     . . .     Spirit   .   i - +0 plate armour
rPois    .         Reflect  .   m - +1 helmet {SInv}
rElec    .         Harm     .   (no cloak)
rCorr    .         Rampage  .   (no gloves)
Will     .....                  n - +0 pair of boots
Stlth    ..........             (no amulet)
HPRegen  0.13/turn              l - ring of protection from cold
MPRegen  0.09/turn              (no ring)

@: lethally poisoned (0 -> -15), flying, slow
A: +LOS, swims, slowness 1, strong legs 1
a: Hop


You were on level 3 of the Dungeon.
You visited 1 branch of the dungeon, and saw 3 of its levels.

You collected 90 gold pieces.

Inventory:

Hand Weapons
 a - a +0 long sword (weapon)
Missiles
 b - 25 arrows
 f - 41 bolts
 g - 112 stones
 h - 35 poisoned darts
Armour
 e - a +2 leather armour of cold resistance
 i - a +0 plate armour (worn)
 m - a +1 helmet of see invisible (worn)
 n - a +0 pair of boots (worn)
 s - a +0 kite shield (worn)
Jewellery
 l - a ring of protection from cold (left hand)
Scrolls
 k - 3 scrolls of teleportation {unknown}
 o - 2 scrolls of identify {unknown}
 p - 2 scrolls of fear {unknown}
 r - a scroll of remove curse {unknown}
Potions
 d - a potion of might
 q - 4 potions of curing {unknown}


   Skills:
 - Level 3.6 Fighting
 - Level 2.4 Long Blades
 - Level 3.6 Armour
 + Level 6.4 Shields


You had 4 spell levels left.
You didn't know any spells.
Your spell library was empty.

Dungeon Overview and Level Annotations

Branches:
Dungeon (3/15)

Altars:


Innate Abilities, Weirdness & Mutations

You can be seen from farther away. (+LOS)
You can swim through water.
You cover ground slowly.
You can hop short distances.


Message History

You block the jackal's attack. The adder bites you but does no damage.
The goblin moves out of view.
You miss the adder.
* * * LOW HITPOINT WARNING * * *
You feel sick.
The jackal bites you but does no damage.
The adder bites you but does no damage. The jackal barely misses you.
The adder bites you but does no damage.
You hit the adder but do no damage.
* * * LOW HITPOINT WARNING * * *
You feel sick. The jackal bites you.
* * * LOW HITPOINT WARNING * * *
The adder bites you but does no damage. The jackal bites you.
* * * LOW HITPOINT WARNING * * *
The adder bites you.
* * * LOW HITPOINT WARNING * * *
It was a potion of flight.
You feel very buoyant.
You fly up into the air.
You die...

#.#########.#
#.........#.#
#.# #......#
#### #.#
#......#
#....#.#
#...#.########
...#<#
#...#........<
..K
#......#######
#S####..##.##
#h@.....##.#
#.......##.#
#..##..#.....
#..##........#
#<.##.##.#.#.#
##.##.# ...#.#
#..#.# .#.#.#
##>#.# ####
.#..


You could see an adder, a jackal and a kobold.

Vanquished Creatures
  An orc priest (D:3)
  5 adders
  3 worms (D:2)
  A dart slug (D:2)
  5 orcs (D:3)
  A ball python (D:1)
  A giant cockroach (D:2)
  5 goblins
  9 hobgoblins
  2 jackals (D:3)
  2 quokkas
  7 bats
  A frilled lizard (D:1)
  8 kobolds
  8 rats
59 creatures vanquished.

Notes
Turn   | Place    | Note
-------+----------+-------------------------------------------
     0 | D:1      | Descartes the Barachi Fighter began the quest for the Orb.
     0 | D:1      | Reached XP level 1. HP: 18/18 MP: 1/1
   157 | D:1      | Reached XP level 2. HP: 24/24 MP: 2/2
   212 | D:1      | Reached skill level 4 in Shields
   778 | D:2      | Reached XP level 3. HP: 26/29 MP: 3/3
  1043 | D:2      | Reached skill level 5 in Shields
  1098 | D:2      | Reached XP level 4. HP: 30/36 MP: 4/4
  1721 | D:3      | Reached skill level 6 in Shields
  1810 | D:3      | Reached XP level 5. HP: 32/41 MP: 5/5
  2045 | D:3      | HP: 1/41 [adder (2)]
  2046 | D:3      | Succumbed to a goblin's poison

Illustrated notes

Levels and vault maps discovered:
D:1:      dpeg_arrival_long_road, layout_loops_ring
D:2:      layout_loops_ring
D:3:      minmay_recursive_quarters, layout_basic

Skill      XL: |  1  2  3  4 |
---------------+-------------+-----
Shields        | 4 5 6 |  6.4
Fighting       | |  3.6
Long Blades    | |  2.4
Armour         | |  3.6

Action                   |  1- 3 |  4- 6 || total
-------------------------+-------+-------++-------
Melee: Long sword        |   119 |   109 ||   228
  Use: Potion            |       |     1 ||     1
Armor: Plate armour      |    79 |    95 ||   174
       Scale mail        |     4 |       ||     4
Dodge: Dodged            |    10 |    24 ||    34
Block: Kite shield       |    75 |    74 ||   149
       Rpst.: Long sword |     3 |     7 ||    10
